 Dungeon Crawl Stone Soup version 0.30-b1-5-g8e6c1be481 (webtiles) character file.

Game seed: 4918802362079213559

134 Silvore the Covered (level 4, -3/40 HPs)
             Began as a Minotaur Fighter on May 3, 2023.
             Was a Believer of Uskayaw.
             Succumbed to a water moccasin's poison
             ... on level 4 of the Dungeon.
             The game lasted 00:03:12 (2762 turns).

Silvore the Covered (Minotaur Fighter)              Turns: 2762, Time: 00:03:13

Health: -3/40      AC:  7    Str: 23    XL:     4   Next: 95%
Magic:  3/3        EV:  9    Int:  5    God:    Uskayaw [**....]
Gold:   202        SH:  4    Dex:  9    Spells: 3/3 levels left

rFire   . . .        a - +1 long sword
rCold   + . .        c - +0 buckler
rNeg    . . .        b - +0 scale mail
rPois   .            (helmet restricted)
rElec   .            (no cloak)
rCorr   .            (no gloves)
SInv    .            (no boots)
Will    .....        (no amulet) Stlth
                     (no ring)
HPRegen 0.26/turn    (no ring)
MPRegen 0.08/turn

%: no passive effects
@: lethally poisoned (-3 -> -23)
A: horns 2, retaliatory headbutt, cold resistance 1, screaming 1
a: Renounce Religion, Stomp, Line Pass


You were on level 4 of the Dungeon.
You worshipped Uskayaw.
Uskayaw was noncommittal.
You visited 2 branches of the dungeon, and saw 5 of its levels.

You collected 202 gold pieces.

Inventory:

Hand Weapons
 a - a +1 long sword (weapon)
Armour
 b - a +0 scale mail (worn)
 c - a +0 buckler (worn)
Jewellery
 f - a ring of protection from fire
Scrolls
 h - 2 scrolls of identify
 j - a scroll of amnesia
Potions
 d - a potion of might
 e - a potion of flight
 g - 4 potions of lignification
 i - a potion of mutation


   Skills:
 + Level 4.2 Fighting
 + Level 4.2 Long Blades
 + Level 4.9 Armour
 + Level 0.6 Dodging
 + Level 4.1 Shields


You had 3 spell levels left.
You didn't know any spells.
Your spell library contained the following spells:

 Spells                   Type           Power      Damage    Failure   Level
 Vhi's Electric Charge    Tloc/Air       0%         N/A       99%         3
 Arcjolt                  Conj/Air       0%         1d10      100%        5
 Maxwell's Capacitive Co  Air            0%         ∞         100%        8


Dungeon Overview and Level Annotations

Branches:
Dungeon (4/15)             Temple (1/1) D:4

Altars:
Cheibriados
Fedhas
Gozag
Hepliaklqana
Kikubaaqudgha
Makhleb
Nemelex Xobeh
Ru
Sif Muna
Trog
Uskayaw
Vehumet
Xom
Yredelemnul

Shops:
D:1 ?


Innate Abilities, Weirdness & Mutations

You have a pair of horns on your head.
You reflexively headbutt those who attack you in melee.
Your flesh is cold resistant. (rC+)
You occasionally shout uncontrollably at your foes.


Message History

There is an open door here.
A water moccasin comes into view.
The water moccasin hisses angrily.
A water moccasin is nearby!
A water moccasin is nearby!
You miss the water moccasin. The water moccasin closely misses you.
The water moccasin bites you.
You are poisoned.
The water moccasin poisons you!
You hit the water moccasin.
The water moccasin is lightly wounded.
You feel very sick. The water moccasin bites you. x2
You closely miss the water moccasin.
Your headbutt misses the water moccasin.
The water moccasin is lightly wounded.
You feel sick. The water moccasin closely misses you.
You slash the water moccasin!
The water moccasin is heavily wounded.
You feel sick.
The water moccasin bites you but does no damage.
The water moccasin bites you.
You can now pass through a line of other dancers.
You closely miss the water moccasin.
The water moccasin is heavily wounded.
You feel sick. The water moccasin bites you.
You are more poisoned.
The water moccasin poisons you! The water moccasin bites you.
* * * LOW HITPOINT WARNING * * *
You are more poisoned.
The water moccasin poisons you!
It was a potion of mutation.
You feel extremely strange.
You feel resistant to cold.
You feel the urge to shout.
* * * LOW HITPOINT WARNING * * *
You feel very sick.
The water moccasin bites you but does no damage.
You closely miss the water moccasin.
Your headbutt misses the water moccasin.
The water moccasin is heavily wounded.
You die...

#....#..# ........#†
#....#..#...........[...#.
#....#..#...... ........#.
#....#..#..... ........+.
#....#..#.... ........#.
#....####... ..>.....#.
###'###....# ##+######.
#....#..S.# .. #....#..@.#
#....#....# ###'###....#
#.......#+## #.......#
#.......# #.......#
#.......# ########..


You could see a water moccasin.

Vanquished Creatures
  A hound (D:4)
  4 adders
  3 worms
  A dart slug (D:3)
  2 orcs
  5 endoplasms
  A giant cockroach (D:1)
  5 hobgoblins
  5 jackals
  A quokka (D:2)
  4 ball pythons
  2 bats
  7 goblins
  10 kobolds
  7 rats
58 creatures vanquished.

Notes
Turn   | Place    | Note
-------+----------+-------------------------------------------
     0 | D:1      | Silvore the Minotaur Fighter began the quest for the Orb.
     0 | D:1      | Reached XP level 1. HP: 19/19 MP: 0/0
    43 | D:1      | Found Awuthuoh's Magic Scroll Shop.
   134 | D:1      | Reached XP level 2. HP: 17/27 MP: 1/1
   231 | D:1      | Found a faded altar of an unknown god.
   671 | D:2      | Found an ancient bone altar of Kikubaaqudgha.
   848 | D:2      | Reached XP level 3. HP: 31/33 MP: 2/2
  1255 | D:2      | Reached XP level 4. HP: 28/40 MP: 3/3
  2008 | D:3      | Found a hide-covered altar of Uskayaw.
  2167 | D:3      | Became a worshipper of Uskayaw the Reveller
  2209 | D:3      | Reached * piety under Uskayaw
  2530 | D:4      | Found a staircase to the Ecumenical Temple.
  2552 | Temple   | Entered the Ecumenical Temple
  2725 | D:4      | Reached ** piety under Uskayaw
  2753 | D:4      | Noticed a water moccasin
  2761 | D:4      | Gained mutation: Your flesh is cold resistant. (rC+)
                  | [potion of mutation]
  2761 | D:4      | Gained mutation: You occasionally shout uncontrollably at
                  | your foes. [potion of mutation]
  2761 | D:4      | HP: 2/40 [poisoned by a water moccasin]
  2762 | D:4      | Succumbed to a water moccasin's poison

Illustrated notes

Levels and vault maps discovered:
D:1:      dpeg_arrival_windows_large_door, layout_loops_cross,
          ebering_ecumenical_altar_webs, serial_shops,
          nicolae_shop_tiny_statue_garden
D:2:      layout_loops_corners, basic_altar
D:3:      layout_loops_cross, lemuel_crystal_altar
D:4:      layout_gridville, temple_green
Temple:   dshaligram_water_room_temple

Skill      XL: |  1  2  3  4 |
---------------+-------------+-----
Armour         | 4 |  4.9
Long Blades    | 3 4 |  4.2
Fighting       | 4 |  4.2
Shields        | 4 |  4.1
Dodging        | |  0.6

Action                     |  1- 3 |  4- 6 || total
---------------------------+-------+-------++-------
  Melee: Long sword        |   111 |    70 ||   181
         Headbutt          |    13 |     7 ||    20
    Use: Scroll            |     6 |     4 ||    10
         Potion            |       |     1 ||     1
 Armour: Scale mail        |    69 |    36 ||   105
  Dodge: Dodged            |    53 |    23 ||    76
  Block: Buckler           |    16 |    11 ||    27
